 Dungeon Crawl Stone Soup version 0.21-a0-380-gd65dc97 (webtiles) character file.

7844 Kavrick the Carver (level 11, -3/151 HPs)
             Began as a Minotaur Berserker on Oct 18, 2017.
             Was a High Priest of Trog.
             Slain by an ice devil (10 damage)
             ... in an ice cave.
             The game lasted 00:42:40 (10091 turns).

Kavrick the Carver (Minotaur Berserker)            Turns: 10091, Time: 00:42:41

Health: -3/151     AC: 17    Str: 31    XL:     11   Next: 2%
Magic:  3/3        EV: 15    Int:  4    God:    Trog [*****.]
Gold:   407        SH:  0    Dex: 14    Spells: 10/10 levels left

rFire    . . .     SeeInvis .   N - +1 great sword (antimagic)
rCold    . . .     Gourm    .   (shield currently unavailable)
rNeg     . . .     Faith    .   z - +0 chain mail
rPois    .         Spirit   .   (helmet restricted)
rElec    .         Reflect  .   y - +0 cloak
rCorr    .         Harm     .   r - +1 pair of gloves
MR       ++...                  A - +0 pair of boots
Stlth    ..........             (no amulet)
HPRegen  1.35/turn              (no ring)
MPRegen  0.08/turn              E - +5 ring of dexterity

@: berserking, regenerating, very quick
A: retaliatory headbutt, horns 2
a: Berserk, Trog's Hand, Brothers in Arms, Burn Spellbooks, Renounce Religion


You were in an ice cave.
You worshipped Trog.
Trog was extremely pleased with you.
You were very hungry.

You visited 3 branches of the dungeon, and saw 10 of its levels.
You also visited: Ice Cave.

You collected 407 gold pieces.

Inventory:

Hand Weapons
 a - a +0 falchion
 M - a +2 whip of flaming
 N - a +1 antimagic great sword (weapon)
Missiles
 L - 2 throwing nets (quivered)
Armour
 r - a +1 pair of gloves (worn)
 y - a +0 cloak (worn)
 z - a +0 chain mail (worn)
 A - a +0 pair of boots (worn)
Jewellery
 E - a +5 ring of dexterity (right hand)
Wands
 u - a wand of acid (5/15)
 H - a wand of scattershot (1/9)
Scrolls
 b - 2 scrolls of remove curse
 d - 4 scrolls of recharging {unknown}
 e - 4 scrolls of magic mapping
 g - a scroll of fear
 j - 2 scrolls of teleportation
 k - 2 scrolls of fog
 n - a scroll of blinking {unknown}
 p - a scroll of brand weapon {unknown}
 s - a scroll of enchant armour
 C - a scroll of immolation {unknown}
 D - a scroll of enchant weapon {unknown}
 G - a scroll of identify
 J - a scroll of torment {unknown}
Potions
 f - 3 potions of agility
 i - 2 potions of might {unknown}
 l - 2 potions of mutation
 m - a potion of curing {unknown}
 o - 2 potions of brilliance
 q - 3 potions of heal wounds
 t - a potion of flight {unknown}
 v - a potion of ambrosia {unknown}
 w - 4 potions of invisibility {unknown}
 x - a potion of haste {unknown}
 B - a potion of lignification {unknown}
Comestibles
 c - 8 bread rations
 h - 5 meat rations
 I - 8 fruits
 K - a royal jelly


   Skills:
 + Level 10.7 Fighting
 + Level 10.7 Long Blades
 + Level 10.4 Armour
 + Level 9.6 Dodging


You had 10 spell levels left.
You didn't know any spells.

Dungeon Overview and Level Annotations

Branches:
Dungeon (8/15)             Temple (1/1) D:5            Lair (1/6) D:8

Altars:
Ashenzari
Cheibriados
Dithmenos
Elyvilon
Fedhas
Gozag
Hepliaklqana
Kikubaaqudgha
Makhleb
Nemelex Xobeh
Okawaru
Qazlal
Ru
Sif Muna
Trog
Uskayaw
Vehumet
Wu Jian
Xom
Yredelemnul
Zin
The Shining One

Annotations:
D:2 2 transporters


Innate Abilities, Weirdness & Mutations

You reflexively headbutt those who attack you in melee.
You have a pair of horns on your head.


Message History

The ice devil hits you but does no damage. x2
You hit the ice devil. You headbutt the ice devil!!
You kill the ice devil!
Trog accepts your kill.
You have reached level 11!
You closely miss the ice devil. The ice devil hits you!
The ice devil freezes you!!
* * * LOW HITPOINT WARNING * * *
You closely miss the ice devil. You headbutt the ice devil.
The ice devil is lightly wounded.
The ice devil hits you.
* * * LOW HITPOINT WARNING * * *
The ice devil freezes you!!
* * * LOW HITPOINT WARNING * * *
You hit the ice devil but do no damage. Your headbutt misses the ice devil.
The ice devil is lightly wounded.
The ice devil hits you.
* * * LOW HITPOINT WARNING * * *
The ice devil freezes you!
You die...

#...##
##...#
#..##
#...####
##..#..##
#..#...##
#.......#
#...##..#
#4@## .#
##4#
#....#
....##
#....#
#)..##
##).#
####


You could see 2 ice devils.

Vanquished Creatures
  Pikel (D:4)
  2 ice statues (IceCv)
  A spiny frog (Lair:1)
  2 rime drakes (Lair:1)
  An ice devil (IceCv)
  A wyvern (D:8)
  8 yaks
  Menkaure (D:6)
  A water moccasin (Lair:1)
  Duvessa (D:7)
  A porcupine (D:8)
  2 orc warriors
  2 ice beasts
  2 slaves (D:4)
  A sky beast (D:6)
  2 black bears
  2 phantoms (D:8)
  4 ogres
  8 wolves (Lair:1)
  A crocodile (Lair:1)
  A centaur (D:6)
  3 bullfrogs
  A gnoll sergeant (D:8)
  2 big kobolds (D:8)
  Dowan (D:7)
  3 scorpions
  A howler monkey (D:7)
  2 centaur zombies
  A bullfrog zombie (D:7)
  2 crimson imps (D:8)
  A bullfrog skeleton (D:7)
  3 hounds
  An orc priest (D:7)
  A gnoll shaman (D:4)
  3 jellies
  Crazy Yiuf (D:4)
  Jessica (D:3)
  3 iguanas
  Ijyb (D:4)
  Terence (D:3)
  4 orc wizards
  6 worker ants
  A hound zombie (D:5)
  A hound skeleton (D:7)
  Robin (D:4)
  A howler monkey skeleton (D:7)
  6 gnolls
  16 adders
  A shadow imp (D:8)
  6 white imps (IceCv)
  4 ufetubi (IceCv)
  2 oozes
  An adder zombie (D:7)
  A dart slug (D:3)
  5 leopard geckos
  24 orcs
  13 bats
  9 giant cockroaches
  18 goblins
  9 hobgoblins
  9 jackals
  2 quokkas
  2 ball pythons
  5 frilled lizards
  A giant cockroach zombie (D:4)
  A jackal skeleton (D:7)
  15 kobolds
  A leopard gecko zombie (D:5)
  2 quokka zombies (D:7)
  9 rats
253 creatures vanquished.

Vanquished Creatures (others)
  A reaper (IceCv)
  2 white imps (IceCv)
  3 ufetubi (IceCv)
  A fungus (D:8)
7 creatures vanquished.

Grand Total: 260 creatures vanquished

Notes
Turn   | Place    | Note
-------+----------+-------------------------------------------
     0 | D:1      | Kavrick the Minotaur Berserker began the quest for the Orb.
     0 | D:1      | Reached XP level 1. HP: 19/19 MP: 0/0
   326 | D:1      | Reached XP level 2. HP: 26/27 MP: 1/1
   948 | D:1      | Reached ** piety under Trog
  1000 | D:1      | Reached XP level 3. HP: 33/33 MP: 2/2
  1310 | D:2      | Found a hazy altar of Hepliaklqana.
  1311 | D:2      | Noticed a centaur
  1314 | D:2      | Found a transporter.
  1327 | D:2      | Found a transporter.
  1654 | D:2      | Reached XP level 4. HP: 39/41 MP: 3/3
  2085 | D:2      | Reached XP level 5. HP: 22/47 MP: 4/4
  2454 | D:3      | Reached *** piety under Trog
  2506 | D:3      | Noticed Jessica
  2521 | D:3      | Killed Jessica
  2574 | D:3      | Noticed Terence
  2586 | D:3      | Killed Terence
  2586 | D:3      | Reached skill level 5 in Fighting
  2586 | D:3      | Reached skill level 5 in Long Blades
  2662 | D:3      | Found a faded altar of an unknown god.
  2679 | D:3      | Found a radiant altar of Vehumet.
  2689 | D:3      | Found a deep blue altar of Sif Muna.
  2689 | D:3      | Found a snail-covered altar of Cheibriados.
  2690 | D:3      | Found a stormy altar of Qazlal.
  2690 | D:3      | Found a bloodstained altar of Trog.
  3269 | D:4      | Reached XP level 6. HP: 56/56 MP: 5/5
  3457 | D:4      | Found a basalt altar of Yredelemnul.
  3821 | D:4      | Found a shimmering altar of Xom.
  3826 | D:4      | Found a sparkling altar of Nemelex Xobeh.
  3829 | D:4      | Found a shattered altar of Ashenzari.
  4176 | D:4      | Found a runed door.
  4221 | D:4      | Noticed Ijyb
  4235 | D:4      | Killed Ijyb
  4264 | D:4      | Reached **** piety under Trog
  4327 | D:4      | Noticed Robin
  4342 | D:4      | Killed Robin
  4382 | D:4      | Found a glowing golden altar of the Shining One.
  4382 | D:4      | Found a white marble altar of Elyvilon.
  4383 | D:4      | Found a glowing silver altar of Zin.
  4753 | D:4      | Noticed Crazy Yiuf
  4764 | D:4      | Killed Crazy Yiuf
  4764 | D:4      | Reached skill level 5 in Armour
  4764 | D:4      | Reached XP level 7. HP: 62/62 MP: 6/6
  4852 | D:5      | Entered Level 5 of the Dungeon
  5115 | D:5      | Noticed Pikel
  5181 | D:4      | Killed Pikel
  5181 | D:4      | Reached skill level 5 in Dodging
  5235 | D:5      | Reached XP level 8. HP: 49/71 MP: 7/7
  5403 | D:5      | Found a staircase to the Ecumenical Temple.
  5841 | Temple   | Entered the Ecumenical Temple
  6362 | D:6      | Reached XP level 9. HP: 50/81 MP: 8/8
  6927 | D:6      | Noticed Menkaure
  6936 | D:6      | Killed Menkaure
  7354 | D:7      | Noticed Dowan
  7357 | D:7      | Noticed Duvessa
  7365 | D:7      | Killed Duvessa
  7367 | D:7      | Killed Dowan
  7453 | D:7      | Got a shimmering leather armour
  7478 | D:7      | Identified the +2 leather armour "Xonn" {Stlth+} (You found it on level 7 of the Dungeon)
  8087 | D:8      | Reached ***** piety under Trog
  8291 | D:8      | Reached XP level 10. HP: 77/91 MP: 9/9
  8827 | D:8      | Found a staircase to the Lair.
  8940 | Lair:1   | Entered Level 1 of the Lair of Beasts
  8956 | Lair:1   | Noticed a spiny frog
  8971 | Lair:1   | Reached skill level 10 in Long Blades
  8978 | Lair:1   | Killed a spiny frog
  8978 | Lair:1   | Reached skill level 10 in Fighting
  8988 | Lair:1   | Received a gift from Trog
  9036 | Lair:1   | Reached skill level 10 in Armour
  9209 | Lair:1   | Found a frozen archway.
  9225 | IceCv    | Entered an ice cave
  9381 | IceCv    | Killed a reaper
  9385 | IceCv    | Noticed an ice statue
  9385 | IceCv    | Noticed an ice statue
  9613 | IceCv    | Killed an ice statue
 10042 | IceCv    | Killed an ice statue
 10088 | IceCv    | Reached XP level 11. HP: 63/101 MP: 3/10
 10091 | IceCv    | HP: 7/151 [ice devil (6)]
 10091 | IceCv    | Slain by an ice devil

Vault maps used:
D:1:      sevenhm_arrival_forest_fort_small_5
D:2:      gammafunk_temple_overflow_arena, grunt_decor_fettered
D:3:      grunt_temple_overflow_open, first_bread,
          chequers_ecumenical_altar_simple, uniq_jessica, uniq_terence
D:4:      good_gods_temple_1, gammafunk_temple_overflow_forgotten,
          yredelemnul_altar_generic, uniq_ijyb, uniq_robin,
          uniq_crazy_yiuf_cottage
D:5:      minmay_temple_entry_mist, uniq_pikel
D:6:      uniq_menkaure
D:7:      uniq_duvessa
D:8:      kennysheep_six_static_rooms, grunt_lair_entry_orc_guard_hut
Temple:   nicolae_temple_figure_zero
Lair:1:   portal_ice_cave_rime, grunt_forest_small_clearings, grunt_megastairs_4
IceCv:    ice_cave_small_demon

Skill      XL: |  1  2  3  4  5  6  7  8  9 10 |
---------------+-------------------------------+-----
Long Blades    | 4 5 6 8 9 10 | 10.7
Fighting       | 4 5 6 7 9 10 | 10.7
Armour         | 3 4 5 6 7 9 10 | 10.4
Dodging        | 3 4 5 6 8 9 |  9.6

Action                   |  1- 3 |  4- 6 |  7- 9 | 10-12 || total
-------------------------+-------+-------+-------+-------++-------
Melee: Falchion          |    82 |   205 |   259 |    95 ||   641
       Headbutt          |     8 |    41 |    84 |    52 ||   185
       Great sword       |       |       |       |    50 ||    50
Throw: Throwing net      |       |     1 |       |       ||     1
Invok: Berserk           |       |     1 |     3 |     3 ||     7
       Trog's Hand       |       |       |       |     2 ||     2
  Use: Scroll            |       |       |    11 |     1 ||    12
 Stab: Sleeping          |     1 |       |       |       ||     1
  Eat: Chunk             |     2 |    10 |    11 |     5 ||    28
       Bread ration      |       |       |     1 |       ||     1
       Fruit             |       |       |       |     3 ||     3
Armor: Animal skin       |     9 |       |       |       ||     9
       Ring mail         |    16 |    25 |       |       ||    41
       Scale mail        |       |    54 |       |       ||    54
       Chain mail        |       |       |    94 |    82 ||   176
Dodge: Dodged            |    53 |    96 |   114 |   126 ||   389
       Rpst.: Falchion   |    14 |    26 |    40 |    28 ||   108
       Great sword       |       |       |       |     7 ||     7

Table legend:
 A = Spawn XP
 B = Non-spawn XP
 C = Spawn XP percentage of total XP
 D = Spawn monster count
 E = Non-spawn monster count
 F = Spawn count percentage of total count
 G = Total turns spent on level
                    A         B        C        D         E        F      G
               +---------+---------+-------+---------+---------+-------+---------
         Total |       0 |   11207 |   0.0 |       0 |     251 |   0.0 | 10091
               +---------+---------+-------+---------+---------+-------+---------
           D:1 |       0 |      44 |   0.0 |       0 |      27 |   0.0 |  1280
           D:2 |       0 |     139 |   0.0 |       0 |      30 |   0.0 |   900
           D:3 |       0 |     195 |   0.0 |       0 |      27 |   0.0 |  1070
           D:4 |       0 |    1046 |   0.0 |       0 |      42 |   0.0 |  1808
           D:5 |       0 |     207 |   0.0 |       0 |       8 |   0.0 |   881
           D:6 |       0 |    2099 |   0.0 |       0 |      17 |   0.0 |  1171
           D:7 |       0 |    1133 |   0.0 |       0 |      28 |   0.0 |   805
           D:8 |       0 |    2035 |   0.0 |       0 |      43 |   0.0 |   869
        Lair:1 |       0 |    2987 |   0.0 |       0 |      16 |   0.0 |   285
         IceCv |       0 |    1322 |   0.0 |       0 |      13 |   0.0 |   866
               +---------+---------+-------+---------+---------+-------+---------
